 Dungeon Crawl Stone Soup version 0.23-a0-642-g3120c2f5a9 (webtiles) character file.

458 HereIgoKillingAgain the Slasher (level 6, 0/44 HPs)
             Began as a Demonspawn Gladiator on Dec 31, 2018.
             Splashed by a jelly's acid (7 damage)
             ... on level 5 of the Dungeon.
             The game lasted 00:04:12 (5030 turns).

HereIgoKillingAgain the Slasher (DsGl)              Turns: 5030, Time: 00:04:13

Health: 0/44       AC: -7    Str: 14    XL:     6   Next: 77%
Magic:  6/6        EV: 13    Int:  9    God:
Gold:   210        SH:  5    Dex: 19    Spells: 5/5 levels left

rFire    . . .     SeeInvis .   a - +1 long sword
rCold    . . .     Gourm    .   h - +0 buckler
rNeg     . . .     Faith    .   n - +0 ring mail
rPois    .         Spirit   .   (helmet restricted)
rElec    .         Reflect  .   (no cloak)
rCorr    .         Harm     .   (no gloves)
MR       .....                  (no boots)
Stlth    +.........             (no amulet)
HPRegen  0.14/turn              (no ring)
MPRegen  0.10/turn              (no ring)

@: corroded
A: hooves 1, horns 1, thin skeletal structure 1, blink, sense surroundings 1,
wild magic 1
a: Blink


You were on level 5 of the Dungeon.
You were very hungry.

You visited 1 branch of the dungeon, and saw 5 of its levels.

You collected 210 gold pieces.

Inventory:

Hand Weapons
 a - a +1 long sword (weapon)
Armour
 b - a +0 leather armour
 c - a +0 helmet
 h - a +0 buckler (worn)
 n - a +0 ring mail (worn)
 r - a +0 plate armour of fire resistance
Scrolls
 g - 2 scrolls of identify
 j - 3 scrolls of amnesia
 k - a scroll of fear
 l - a scroll of noise {unknown}
 m - a scroll of blinking {unknown}
 t - a scroll of remove curse
 u - a scroll of fog {unknown}
 v - 2 scrolls of enchant weapon
Potions
 d - a potion of degeneration {unknown}
 e - a potion of haste
 i - 2 potions of curing
 o - 2 potions of agility
 p - 2 potions of flight {unknown}
 q - 2 potions of resistance {unknown}
 s - a potion of invisibility {unknown}
Comestibles
 f - 6 rations


   Skills:
 - Level 2.0 Fighting
 * Level 5.6 Long Blades
 - Level 1.7 Throwing
 + Level 3.9 Dodging
 + Level 2.8 Shields


You had 5 spell levels left.
You didn't know any spells.
Your spell library contained the following spells:

 Spells                   Type           Power        Failure   Level  Hunger
 Confusing Touch          Hex            #.....       77%         1    ##.....
 Confuse                  Hex            #.......     98%         3    ####...
 Gell's Gravitas          Tloc           #.........   98%         3    ####...
 Petrify                  Tmut/Erth      #.......     100%        4    #####..
 Metabolic Englaciation   Hex/Ice        #.........   100%        5    ######.
 Yara's Violent Unravell  Hex/Tmut       #.........   100%        5    ######.


Dungeon Overview and Level Annotations

Branches:
Dungeon (5/15)
 Temple: D:4-7

Altars:
Xom

Annotations:
D:4 2 runed doors, hemabe's ghost, novice HuAr


Innate Abilities, Weirdness & Mutations

You have large cloven feet.
You have a somewhat thin skeletal structure. (Dex +2, Stealth)
You have a pair of small horns on your head.
You can translocate small distances at will.
You passively map a small area around you.
Your spells are a little harder to cast, but a little more powerful.


Message History

The jelly is severely wounded.
You block the jelly's attack.
You are too injured to fight recklessly!
You are too injured to fight recklessly!
You hit the jelly.
Your hands burn!
You headbutt the jelly, but do no damage.
The jelly is almost dead.
The jelly hits you. The acid corrodes you!
You are splashed with acid!
The acid burns!
* * * LOW HITPOINT WARNING * * *
The jelly completely misses you.
You riposte.
You hit the jelly but do no damage. You kick the jelly, but do no damage.
The jelly is almost dead.
You completely miss the jelly. You kick the jelly, but do no damage.
You headbutt the jelly, but do no damage.
The jelly is almost dead.
The jelly hits you.
* * * LOW HITPOINT WARNING * * *
You are splashed with acid!
The acid burns!
You die...

#.......<.....#,#...........#
#.............#, ............
#......†.....#####...........
#............... ..#.........
#..............#####.........
#............................
#............................
#............................
#............@J..."..
........
#............##......
........ #...........##*
##... .......
#...........#### ,. ......
#..........>..... , *
................, ,
........(........
####.......#..... ,
#.......#.....


You could see a jelly.

Vanquished Creatures
  A crimson imp (D:5)
  A jelly (D:5)
  3 orc priests
  2 iguanas
  6 gnolls (D:4)
  6 adders
  A shadow imp (D:5)
  2 oozes (D:2)
  5 worms
  A dart slug (D:2)
  5 leopard geckos
  8 orcs
  5 bats
  5 giant cockroaches
  12 goblins
  11 hobgoblins
  13 jackals
  2 quokkas
  2 ball pythons (D:1)
  5 frilled lizards
  5 kobolds
  A leopard gecko skeleton (D:4)
  A leopard gecko zombie (D:5)
  5 rats
108 creatures vanquished.

Notes
Turn   | Place    | Note
-------+----------+-------------------------------------------
     0 | D:1      | HereIgoKillingAgain the Demonspawn Gladiator began the
                  | quest for the Orb.
     0 | D:1      | Reached XP level 1. HP: 16/16 MP: 1/1
   166 | D:1      | Reached skill level 3 in Long Blades
   251 | D:1      | Gained mutation: You have a somewhat thin skeletal
                  | structure. (Dex +2, Stealth) [demonic ancestry]
   251 | D:1      | Reached XP level 2. HP: 12/22 MP: 2/2
   853 | D:1      | Reached XP level 3. HP: 27/27 MP: 3/3
  1199 | D:2      | Reached skill level 1 in Shields
  1263 | D:2      | Reached skill level 4 in Long Blades
  1316 | D:2      | Reached XP level 4. HP: 24/33 MP: 4/4
  2259 | D:3      | Gained mutation: You have large cloven feet. [demonic
                  | ancestry]
  2259 | D:3      | Reached XP level 5. HP: 17/38 MP: 5/5
  2970 | D:3      | Gained mutation: You have a pair of small horns on your
                  | head. [potion of mutation]
  2970 | D:3      | Gained mutation: You can translocate small distances at
                  | will. [potion of mutation]
  2970 | D:3      | Gained mutation: Your spells are a little harder to cast,
                  | but a little more powerful. [potion of mutation]
  2970 | D:3      | Gained mutation: You passively map a small area around you.
                  | [potion of mutation]
  3092 | D:4      | Reached skill level 5 in Long Blades
  3098 | D:4      | Found a large runed door.
  3098 | D:4      | Found a large runed door.
  3101 | D:4      | Noticed hemabe's ghost (novice HuAr)
  3396 | D:4      | Reached XP level 6. HP: 9/44 MP: 6/6
  4881 | D:5      | Entered Level 5 of the Dungeon
  4955 | D:5      | Found a shimmering altar of Xom.
  5030 | D:5      | Splashed by a jelly's acid

Vault maps used:
D:1:      psy_arrival_statuary
D:4:      ebering_ghost_disaster_area, wad_floor_pattern_1
D:5:      nemelex_altar_shiori, minmay_temple_entry_junction_2, first_ration,
          basic_altar, uniq_edmund

Skill      XL: |  1  2  3  4  5 |
---------------+----------------+-----
Long Blades    | 3 4 5 |  5.6
Shields        | 1 2 |  2.8
Dodging        | 3 |  3.9
Fighting       | |  2.0
Throwing       | |  1.7

Action                   |  1- 3 |  4- 6 || total
-------------------------+-------+-------++-------
Melee: Long sword        |   120 |   200 ||   320
       Kick              |       |    43 ||    43
       Headbutt          |       |    25 ||    25
Throw: Throwing net      |       |     5 ||     5
  Use: Scroll            |       |    10 ||    10
       Potion            |       |     3 ||     3
 Stab: Sleeping          |     2 |     1 ||     3
       Held in net/web   |       |     1 ||     1
  Eat: Chunk             |     1 |     8 ||     9
       Ration            |       |     1 ||     1
Armor: Leather armour    |    36 |       ||    36
       Ring mail         |    10 |    52 ||    62
Dodge: Dodged            |    94 |   106 ||   200
Block: Buckler           |    21 |    49 ||    70
       Rpst.: Long sword |    25 |    30 ||    55

Table legend:
 A = Non-vault XP
 B = Vault XP
 C = Vault XP percentage of total XP
 D = Non-vault monster count
 E = Vault monster count
 F = Vault count percentage of total count
                 A         B        C        D         E       F
            +---------+---------+-------+---------+---------+-------
      Total |     655 |       0 |   0.0 |     108 |       0 |   0.0
            +---------+---------+-------+---------+---------+-------
        D:1 |      45 |       0 |   0.0 |      26 |       0 |   0.0
        D:2 |     122 |       0 |   0.0 |      35 |       0 |   0.0
        D:3 |     142 |       0 |   0.0 |      21 |       0 |   0.0
        D:4 |     242 |       0 |   0.0 |      20 |       0 |   0.0
        D:5 |     104 |       0 |   0.0 |       6 |       0 |   0.0
            +---------+---------+-------+---------+---------+-------
